 Dungeon Crawl Stone Soup version 0.18-a0-1026-ge317a7f (webtiles) character file.

249 wirefist the Insei (level 5, 0/44 HPs)
             Began as a Demonspawn Monk on Jan 8, 2016.
             Slain by a phantom (5 damage)
             ... on level 4 of the Dungeon.
             The game lasted 00:20:21 (4932 turns).

wirefist the Insei (Demonspawn Monk)                Turns: 4932, Time: 00:20:24

Health: 0/44       AC:  4    Str: 11    XL:     5   Next: 87%
Magic:  5/5        EV: 14    Int: 12    God:
Gold:   123        SH:  0    Dex: 16    Spells: 0 memorised, 4 levels left

rFire  . . .     SeeInvis .       - Unarmed
rCold  . . .     Gourm    .     i - +0 robe
rNeg   . . .     Faith    .     (no shield)
rPois  .         Spirit   .     (no helmet)
rElec  .         Dismiss  .     (no cloak)
rCorr  .         Reflect  .     (no gloves)
SustAt .         Harm     .     (no boots)
MR     .....                    p - amulet of rage
Stlth  ++........               (no ring)
                                (no ring)

@: exhausted, not resistant to hostile enchantments, unstealthy
A: hooves 1, rugged brown scales 2
a: Evoke Berserk Rage


You were on level 4 of the Dungeon.
You were near starving.

You visited 1 branch of the dungeon, and saw 5 of its levels.

You collected 123 gold pieces.

Inventory:

Hand Weapons
 g - a +0 flail
 j - a +2 dagger of venom
Missiles
 x - 2 exploding tomahawks (quivered)
Armour
 i - a +0 robe (worn)
 o - a gold dragon hide
Jewellery
 l - an uncursed amulet of faith
 p - an amulet of rage (around neck)
Wands
 y - a wand of random effects (44/48)
Scrolls
 a - 2 scrolls of random uselessness {unknown}
 d - a scroll of teleportation
 e - 2 scrolls of identify {unknown}
 m - 4 scrolls of enchant armour {unknown}
 q - a scroll of blinking {unknown}
 s - a scroll of remove curse {unknown}
 t - a scroll of recharging {unknown}
Potions
 c - a potion of heal wounds {unknown}
 f - a potion of agility
 h - a potion of magic
 k - a potion of resistance {unknown}
 r - a potion of degeneration
 v - a potion of poison {unknown}
 w - 2 potions of cure mutation {unknown}
 z - a potion of curing {unknown}
Books
 A - a book of Callings

   Spells                             Type                      Level
   a - Summon Small Mammal            Summoning                    1
   b - Call Imp                       Summoning                    2
   c - Call Canine Familiar           Summoning                    3
   d - Summon Guardian Golem          Hexes/Summoning              3
   e - Summon Lightning Spire         Summoning/Air                4
   f - Summon Ice Beast               Ice/Summoning                4
Comestibles
 b - 2 bread rations
 n - a meat ration
 u - a slice of pizza


   Skills:
 + Level 4.1 Fighting
 + Level 4.2 Dodging
 + Level 2.3 Stealth
 + Level 4.7 Unarmed Combat


You had 4 spell levels left.
You didn't know any spells.

Dungeon Overview and Level Annotations

Branches:
Dungeon (5/15)
 Temple: D:4-7

Altars:
Pakellas
Xom


Innate Abilities, Weirdness & Mutations

You have large cloven feet.
You are mostly covered in rugged brown scales (AC +2, +5% HP).


Message History

You barely miss the phantom. Your kick misses the phantom.
The phantom is lightly damaged.
The phantom hits you.
The phantom blinks!
You climb downwards.
There is a stone staircase leading up here.
A centaur comes into view.
The centaur wields a shortbow.
The centaur shoots an arrow.
The arrow hits you.
You see here an arrow.
The centaur shoots an arrow.
The arrow hits you!
The centaur shoots an arrow.
The arrow hits you!
* * * LOW HITPOINT WARNING * * *
There is a stone staircase leading up here.
You see here 2 arrows.
You feel yourself speed up.
You are near starving!
The centaur shoots an arrow.
The arrow hits you.
* * * LOW HITPOINT WARNING * * *
The centaur shoots an arrow.
The arrow hits you but does no damage.
You climb upwards.
The phantom hits you.
You die...

#.#.# ##.#.. #. ##
....### ###.# #. .....#
#...# #. ....#.#...# #.
#.#.#.#...# #. #
#.#.#.#...#######.
#.#@................
###.W.............####
#........####..#####...
#.##..................
# #..................
#####...########..#
#...# .# #...# #...#


You could see a phantom.

Vanquished Creatures
  A centaur (D:4)
  8 adders
  A gnoll (D:1)
  4 worms
  A giant gecko (D:4)
  10 orcs
  2 ball pythons
  2 giant cockroaches
  6 goblins
  8 hobgoblins
  2 jackals (D:3)
  A quokka (D:3)
  7 bats
  A giant gecko skeleton (D:4)
  4 giant newts
  4 kobolds
  A quokka zombie (D:3)
  10 rats
73 creatures vanquished.

Notes
Turn   | Place    | Note
--------------------------------------------------------------
     0 | D:1      | wirefist the Demonspawn Monk began the quest for the Orb.
     0 | D:1      | Reached XP level 1. HP: 18/18 MP: 1/1
   422 | D:1      | Gained mutation: You have large cloven feet. [demonic ancestry]
   422 | D:1      | Reached XP level 2. HP: 24/24 MP: 2/2
   749 | D:1      | Reached skill level 4 in Unarmed Combat
  1073 | D:2      | Found a shimmering altar of Xom.
  1079 | D:2      | Reached XP level 3. HP: 27/29 MP: 3/3
  1107 | D:2      | Found an oddly glowing altar of Pakellas.
  2464 | D:3      | Gained mutation: You are partially covered in rugged brown scales (AC +1, +3% HP). [demonic ancestry]
  2464 | D:3      | Reached XP level 4. HP: 13/37 MP: 4/4
  3860 | D:3      | Gained mutation: You are mostly covered in rugged brown scales (AC +2, +5% HP). [demonic ancestry]
  3860 | D:3      | Reached XP level 5. HP: 15/44 MP: 5/5
  4498 | D:4      | Noticed a centaur
  4508 | D:4      | Killed a centaur
  4899 | D:4      | Noticed a phantom
  4928 | D:5      | Entered Level 5 of the Dungeon
  4929 | D:5      | Noticed a centaur
  4932 | D:4      | Slain by a phantom

Vault maps used:
D:1:      minmay_arrival_three_doors
D:2:      lemuel_crystal_altar, overflow_temple_1_default
D:3:      serial_bayou_pond_e
D:4:      grunt_qazlal_clouds, lemuel_doored_altar, serial_co_window_serial,
          co_window_paths_b, co_window_paths_b, co_window_corner_a,
          co_window_paths_a, co_window_paths_b, co_window_corner_b,
          co_window_broadway_b, co_window_corner_b, co_window_of_opportunity_b,
          co_window_corner_b, co_window_cross_2, glass_columns_c,
          glass_columns_a, first_bread, serial_shops, nicolae_shop_crystal,
          shop, shop
D:5:      lemuel_coloured_pillars_altar, minmay_temple_entry_glassed_door,
          uniq_duvessa, uniq_pikel

Action                   |  1- 3 |  4- 6 || total
-------------------------+-------+-------++-------
Melee: Unarmed           |   161 |   168 ||   329
 Abil: Evoke Berserk Rag |       |     1 ||     1
  Use: Scroll            |     1 |       ||     1
       Potion            |       |     4 ||     4
 Stab: Sleeping          |     5 |     2 ||     7
  Eat: Chunk             |     5 |     7 ||    12
